 Dungeon Crawl Stone Soup version 0.31-a0-844-gdc52ec4e09 (webtiles) character file.

Game seed: 12449305145570021985

1271 pokeman the Thaumaturge (level 8, -5/44 HPs)
             Began as a Deep Elf Hedge Wizard on Sept 29, 2023.
             Was an Initiate of Vehumet.
             Slain by a bullfrog (7 damage)
             ... on level 6 of the Dungeon.
             The game lasted 00:09:09 (5667 turns).

pokeman the Thaumaturge (Deep Elf Hedge Wizard)     Turns: 5667, Time: 00:09:10

Health: -5/44      AC:  1    Str:  7    XL:     8   Next: 28%
Magic:  2/22       EV: 13    Int: 22    God:    Vehumet [......]
Gold:   317        SH:  0    Dex: 14    Spells: 5/24 levels left

rFire   . . .        a - +0 dagger
rCold   . . .        (no shield)
rNeg    . . .        b - +0 robe
rPois   .            m - +0 helmet
rElec   .            D - +0 cloak
rCorr   .            E - +0 pair of gloves
SInv    .            (no boots)
Will    .....        (no amulet)
Stlth   ++           n - ring of wizardry
HPRegen 0.27/turn    (no ring)
MPRegen 0.18/turn

%: wizardry (x1)
@: corroded
A: no striking features
a: Renounce Religion


You were on level 6 of the Dungeon.
You worshipped Vehumet.
Vehumet was noncommittal.
You visited 1 branch of the dungeon, and saw 6 of its levels.

You collected 317 gold pieces.

Inventory:

Hand Weapons
 a - a +0 dagger (weapon)
Armour
 b - a +0 robe (worn)
 m - a +0 helmet (worn)
 D - a +0 cloak (worn)
 E - a +0 pair of gloves (worn)
Jewellery
 n - a ring of wizardry (left hand)
Wands
 A - a wand of flame (11)
Scrolls
 f - 3 scrolls of torment {unknown}
 g - 2 scrolls of teleportation {unknown}
 h - a scroll of enchant weapon {unknown}
 i - 5 scrolls of identify {unknown}
 j - 4 scrolls of enchant armour {unknown}
 k - a scroll of acquirement {unknown}
 l - 4 scrolls of blinking {unknown}
 s - a scroll of revelation {unknown}
 u - a scroll of noise {unknown}
 x - 2 scrolls of immolation {unknown}
 y - a scroll of poison {unknown}
 C - a scroll of fog {unknown}
Potions
 c - 3 potions of curing {unknown}
 d - 3 potions of magic
 e - a potion of cancellation {unknown}
 o - 2 potions of brilliance {unknown}
 p - 3 potions of attraction {unknown}
 q - a potion of might {unknown}
 r - 2 potions of degeneration {unknown}
 t - 2 potions of heal wounds {unknown}
 v - a potion of lignification {unknown}
 w - 2 potions of haste {unknown}
 z - 2 potions of berserk rage {unknown}
 B - 3 potions of enlightenment {unknown}


   Skills:
 - Level 2.0 Fighting
 + Level 1.7 Armour
 - Level 3.0 Dodging
 - Level 3.0 Stealth
 * Level 8.6 Spellcasting
 + Level 6.4 Conjurations
 - Level 1.1 Summonings
 - Level 1.1 Translocations
 - Level 2.0 Ice Magic
 - Level 1.1 Air Magic
 + Level 2.1 Earth Magic
 - Level 1.0 Poison Magic
 - Level 1.1 Evocations


You had 5 spell levels left.
You knew the following spells:

 Your Spells              Type           Power      Damage    Failure   Level
a - Magic Dart            Conj           100%       1d8       1%          1
b - Mephitic Cloud        Conj/Pois/Air  22%        N/A       2%          3
c - Call Imp              Summ           28%        N/A       2%          2
d - Blink                 Tloc           28%        N/A       2%          2
e - Freezing Cloud        Conj/Ice/Air   11%        6-21      21%         5
f - Bombard               Conj/Erth      14%        9d3       56%         6

Your spell library contained the following spells:

 Spells                   Type           Power      Damage    Failure   Level
 Slow                     Hex            36%        N/A       2%          1
 Poisonous Vapours        Pois/Air       28%        N/A       2%          2
 Cigotuvi's Dreadful Rot  Necr/Pois/Air  24%        N/A       3%          2
 Sublimation of Blood     Necr           9%         N/A       4%          2
 Wereblood                Tmut           9%         N/A       4%          2
 Iskenderun's Battlesphe  Conj           37%        2d9       6%          5
 Confusing Touch          Hex            9%         N/A       9%          3
 Sigil of Binding         Hex            9%         N/A       9%          3
 Vampiric Draining        Necr           9%         2d6       9%          3
 Spellforged Servitor     Conj/Summ      13%        N/A       99%         7
 Summon Hydra             Summ           7%         N/A       100%        7


Dungeon Overview and Level Annotations

Branches:
Dungeon (6/15)             Temple (0/1) D:5

Altars:
Ashenzari
Kikubaaqudgha
Sif Muna
Uskayaw
Vehumet

Shops:
D:3 (

Annotations:
D:3 3 runed translucent doors, Age's ghost, weakling MiFi


Message History

The jelly is heavily wounded.
The bullfrog hits you.
The orc priest is engulfed in noxious fumes.
The orc priest appears confused.
The orc priest hits you with a +0 trident!
The jelly barely misses you.
Casting: Magic Dart (safe; 1% risk of failure)
Confirm with . or Enter, or press ? or * to list all spells.
Aiming: Magic Dart (safe; 1% risk of failure)
Press: ? - help, Shift-Dir - straight line, f/p - jelly
Aim: a jelly (heavily wounded, 100% to hit)
The magic dart hits the jelly.
The jelly is severely wounded.
The bullfrog hits you.
The orc priest is engulfed in noxious fumes.
The orc priest appears confused.
The bullfrog closely misses you. The jelly hits you. The acid corrodes you!
You are splashed with acid!
* * * LOW HITPOINT WARNING * * *
Casting: Magic Dart (safe; 1% risk of failure)
Confirm with . or Enter, or press ? or * to list all spells.
Aiming: Magic Dart (safe; 1% risk of failure)
Press: ? - help, Shift-Dir - straight line, f/p - jelly
Aim: a jelly (severely wounded, 100% to hit)
The magic dart hits the jelly.
The jelly is almost dead.
The bullfrog hits you.
* * * LOW HITPOINT WARNING * * *
The jelly barely misses you.
Casting: Magic Dart (safe; 1% risk of failure)
Confirm with . or Enter, or press ? or * to list all spells.
Aiming: Magic Dart (safe; 1% risk of failure)
Press: ? - help, Shift-Dir - straight line, f/p - jelly
Aim: a jelly (almost dead, 100% to hit)
The magic dart hits the jelly.
You kill the jelly!
Vehumet accepts your kill. The bullfrog hits you.
* * * LOW HITPOINT WARNING * * *
The bullfrog hits you!
You die...

............##.### ##
........##.#.(...#..##.
....................... ##
.............#.......# ...
............##o###.####...
........##.###.###.###..## ..
.......†...°.#..#..##........
.....†)......°..#..#.........
.....)..###○.F@.##.....##...
.....##.# ##.......##....#
.... ... #........#....## ..
#.. ##.. ##.............##.#
.. ##..........###.##.....##
. ##.......####.# #......
###..#### #..###...... ....#
#.##........ ...##
####.#.........


You could see a bullfrog and an orc priest (confused).

Vanquished Creatures
  Sigmund (D:2)
  A black bear (D:4)
  2 ogres
  3 phantoms
  A scorpion (D:6)
  A howler monkey (D:5)
  3 hounds
  A jelly (D:6)
  3 orc priests
  Natasha (thrice) (D:2)
  An orc wizard (D:4)
  An iguana (D:4)
  Robin (D:2)
  3 gnolls (D:5)
  6 adders
  2 worms (D:2)
  4 dart slugs
  19 orcs
  5 ball pythons
  6 bats
  5 endoplasms
  4 giant cockroaches
  10 hobgoblins
  8 jackals
  6 quokkas
  4 frilled lizards
  11 goblins
  6 kobolds
  7 rats
128 creatures vanquished.

Notes
Turn   | Place    | Note
-------+----------+-------------------------------------------
     0 | D:1      | pokeman the Deep Elf Hedge Wizard began the quest for the
                  | Orb.
     0 | D:1      | Reached XP level 1. HP: 10/10 MP: 7/7
    11 | D:1      | Noticed a minotaur skeleton
   485 | D:1      | Reached XP level 2. HP: 16/16 MP: 2/9
   881 | D:1      | Reached skill level 5 in Spellcasting
  1255 | D:2      | Reached XP level 3. HP: 15/20 MP: 0/11
  1259 | D:2      | Learned a level 3 spell: Mephitic Cloud
  1262 | D:2      | Learned a level 2 spell: Call Imp
  1265 | D:2      | Learned a level 2 spell: Blink
  1433 | D:2      | Found a hide-covered altar of Uskayaw.
  1691 | D:2      | Reached skill level 1 in Fighting
  1779 | D:2      | Reached skill level 1 in Armour
  1865 | D:2      | Noticed Sigmund
  1883 | D:2      | Killed Sigmund
  1884 | D:2      | Reached skill level 5 in Conjurations
  1884 | D:2      | Reached XP level 4. HP: 10/25 MP: 10/13
  1884 | D:2      | Reached XP level 5. HP: 12/29 MP: 10/14
  1992 | D:2      | Noticed Robin
  2014 | D:2      | Killed Robin
  2369 | D:2      | Noticed Natasha
  2375 | D:2      | Killed Natasha
  2376 | D:2      | Reached XP level 6. HP: 14/34 MP: 7/16
  2576 | D:2      | Noticed Natasha
  2581 | D:2      | Killed Natasha
  2736 | D:2      | Noticed Natasha
  2741 | D:2      | Killed Natasha
  2794 | D:3      | Reached skill level 6 in Spellcasting
  3087 | D:3      | Learned a level 5 spell: Freezing Cloud
  3136 | D:3      | Found Leddonk's Weapon Emporium.
  3402 | D:3      | Found a runed translucent gate.
  3403 | D:3      | Found a runed translucent gate.
  3403 | D:3      | Found a runed translucent gate.
  3405 | D:3      | Noticed Age's ghost (weakling MiFi)
  3634 | D:4      | Reached skill level 1 in Air Magic
  3634 | D:4      | Reached skill level 1 in Poison Magic
  3784 | D:4      | Reached XP level 7. HP: 38/38 MP: 13/18
  3809 | D:4      | Reached skill level 1 in Ice Magic
  4009 | D:4      | Reached skill level 7 in Spellcasting
  4149 | D:4      | Found a broken altar of Ashenzari.
  4218 | D:4      | Found a radiant altar of Vehumet.
  4218 | D:4      | Found an ancient bone altar of Kikubaaqudgha.
  4219 | D:4      | Found a shimmering blue altar of Sif Muna.
  4239 | D:4      | Became a worshipper of Vehumet
  4508 | D:4      | Learned a level 6 spell: Bombard
  4580 | D:5      | Entered Level 5 of the Dungeon
  4666 | D:5      | Reached skill level 1 in Earth Magic
  4890 | D:5      | Reached skill level 8 in Spellcasting
  4890 | D:5      | Reached XP level 8. HP: 30/44 MP: 17/22
  5363 | D:5      | Found a staircase to the Ecumenical Temple.
  5617 | D:6      | Reached skill level 1 in Evocations
  5667 | D:6      | HP: 2/44 [bullfrog (6)]
  5667 | D:6      | Slain by a bullfrog

Illustrated notes

Levels and vault maps discovered:
D:1:      shiori_arrival_whats_in_store_for_you, layout_basic
D:2:      kennysheep_big_flooded_room, layout_basic, basic_altar,
          minmay_fountain_box, uniq_natasha, uniq_sigmund, uniq_robin
D:3:      cheibrodos_pilgrimage, layout_basic, gammafunk_ghost_necromancy,
          serial_shops, nicolae_shop_pleasant_corner_grove
D:4:      layout_cave_pools, grunt_temple_overflow_magic_moments, tgw_xom,
          mainiacjoe_overflow_cross_hatched
D:5:      layout_cave_pools, temple_hall, dreamdust_gnoll_farm
D:6:      layout_cave_pools, lemuel_doored_altar, uniq_blork_the_orc

Skill      XL: |  1  2  3  4  5  6  7  8 |
---------------+-------------------------+-----
Spellcasting   | 5 6 8 |  8.6
Fighting       | 1 2 |  2.0
Conjurations   | 5 6 |  6.4
Armour         | 1 |  1.7
Dodging        | 3 |  3.0
Stealth        | 3 |  3.0
Air Magic      | 1 |  1.1
Poison Magic   | 1 |  1.0
Ice Magic      | 2 |  2.0
Earth Magic    | 1 2 |  2.1
Evocations     | 1 |  1.1
Summonings     | |  1.1
Translocations | |  1.1

Action                     |  1- 3 |  4- 6 |  7- 9 || total
---------------------------+-------+-------+-------++-------
  Melee: Dagger            |    25 |    21 |    14 ||    60
         Punch             |     1 |       |     2 ||     3
   Cast: Magic Dart        |   100 |    94 |   158 ||   352
         Mephitic Cloud    |     1 |     4 |     4 ||     9
         Call Imp          |       |       |     2 ||     2
   Stab: Confused          |     2 |     4 |     3 ||     9
 Armour: Robe              |    17 |    13 |    37 ||    67
  Dodge: Dodged            |    25 |    24 |    37 ||    86

Table legend: (Time is in decaauts)
 A = Elapsed time spent in this place.
 B = Non-inter-level travel time spent in this place.
 C = Inter-level travel time spent in this place.
 D = Time resting spent in this place.
 E = Time spent auto-exploring this place.
 F = Levels seen in this place.
 G = Mean time per level.
                   A        B        C        D        E       F      G
               +--------+--------+--------+--------+--------+-----+--------+
         Total |   5667 |   5337 |    330 |    149 |   4434 |   6 |  944.5 |
       Dungeon |   5667 |   5337 |    330 |    149 |   4434 |   6 |  944.5 |
               +--------+--------+--------+--------+--------+-----+--------+

Top non-repeatable levels by time:
     D:2: 1710 daAuts
     D:1: 1052 daAuts
     D:4: 962 daAuts
     D:5: 865 daAuts
     D:3: 855 daAuts
     D:6: 220 daAuts
